 Dungeon Crawl Stone Soup version 0.26.1-11-gd32895ea62 (webtiles) character file.

Game seed: 15666567838177326700

8319 Kalagan26 the Thaumaturge (level 11, -1/56 HPs)
             Began as a Spriggan Enchanter on June 24, 2021.
             Was a Believer of Kikubaaqudgha.
             Killed from afar by an efreet (28 damage)
             ... with a bolt of fire
             ... on level 10 of the Dungeon.
             The game lasted 02:05:22 (15574 turns).

Kalagan26 the Thaumaturge (Spriggan Enchanter)     Turns: 15574, Time: 02:05:23

Health: -1/56      AC:  3    Str:  4    XL:     11   Next: 8%
Magic:  26/26      EV: 29    Int: 23    God:    Kikubaaqudgha [**....]
Gold:   470        SH:  0    Dex: 26    Spells: 22/31 levels left

rFire    . . .     SeeInvis +   O - +2 dagger (venom)
rCold    . . .     Faith    .   (shield restricted)
rNeg     + . .     Spirit   .   x - +1 robe of Apathy {rN+ Will+ rCorr}
rPois    .         Reflect  .   T - +0 hat
rElec    .         Harm     .   (no cloak)
rCorr    +         Rampage  .   (gloves unavailable)
Will     ++...                  (boots unavailable)
Stlth    +++++.....             o - amulet of regeneration
HPRegen  0.58/turn              I - +6 ring of dexterity
MPRegen  0.20/turn              y - +6 ring of intelligence

@: very quick
A: very small, unfitting armour, see invisible, speed 3
a: Renounce Religion, Receive Corpses


You were on level 10 of the Dungeon.
You worshipped Kikubaaqudgha.
Kikubaaqudgha was pleased with you.
You visited 2 branches of the dungeon, and saw 11 of its levels.

You collected 470 gold pieces.

Inventory:

Hand Weapons
 a - a +1 dagger
 O - a +2 dagger of venom (weapon)
 Q - a +1 whip of electrocution
 R - a +1 vampiric dagger
Missiles
 c - 226 stones
 h - 41 poisoned darts
Armour
 b - a +0 robe
 l - a +0 helmet
 v - a +0 pair of gloves
 x - the +1 robe of Apathy (worn) {rN+ Will+ rCorr}
   (You found it on level 5 of the Dungeon)

   It protects you from negative energy.
   It affects your willpower, your defense against some magical effects.
   It provides partial protection from all sources of acid and corrosion.
 T - a +0 hat (worn)
Magical Staves
 F - an uncursed staff of cold {unknown}
Jewellery
 m - an uncursed ring of positive energy
 o - an amulet of regeneration (around neck)
 y - a +6 ring of intelligence (right hand)
 I - a +6 ring of dexterity (left hand)
Wands
 q - a wand of enslavement (4)
 G - a wand of digging (7)
 L - a wand of paralysis (5)
 M - a wand of acid (19)
 N - a wand of flame (4)
 P - a wand of polymorph (10)
 S - a wand of disintegration (13)
Scrolls
 d - 9 scrolls of identify
 e - 4 scrolls of enchant armour
 g - 2 scrolls of amnesia {unknown}
 i - 2 scrolls of teleportation
 k - 2 scrolls of fear {unknown}
 n - a scroll of fog {unknown}
 p - 6 scrolls of remove curse
 s - 4 scrolls of blinking {unknown}
 u - 4 scrolls of magic mapping {unknown}
 w - a scroll of vulnerability {unknown}
 D - 2 scrolls of enchant weapon {unknown}
 K - a scroll of acquirement {unknown}
Potions
 f - 3 potions of might
 j - 2 potions of resistance {unknown}
 r - 2 potions of invisibility
 t - 2 potions of brilliance {unknown}
 z - a potion of cancellation {unknown}
 A - a potion of degeneration {unknown}
 B - a potion of ambrosia {unknown}
 C - a potion of flight {unknown}
 E - a potion of curing
 H - a potion of magic {unknown}
 J - 2 potions of mutation {unknown}


   Skills:
 * Level 6.3 Fighting
 - Level 1.1 Short Blades
 + Level 9.8 Dodging
 - Level 10.2 Stealth
 + Level 10.9 Spellcasting
 * Level 1.3 Conjurations
 + Level 10.9 Hexes
 - Level 0.2 Ice Magic
 - Level 0.4 Evocations


You had 22 spell levels left.
You knew the following spells:

 Your Spells              Type           Power        Failure   Level
a - Corona                Hex            64%          1%          1
b - Ensorcelled Hibernat  Hex/Ice        76%          1%          2
c - Tukima's Dance        Hex            58%          1%          3
d - Dazzling Flash        Conj/Hex       80%          1%          3

Your spell library contained the following spells:

 Spells                   Type           Power        Failure   Level
 Confusing Touch          Hex            58%          1%          3
 Pain                     Necr           48%          5%          1
 Corpse Rot               Necr/Air       N/A          8%          2
 Sublimation of Blood     Necr           6%           8%          2
 Vampiric Draining        Necr           6%           16%         3


Dungeon Overview and Level Annotations

Branches:
Dungeon (10/15)            Temple (1/1) D:6
   Lair: D:8-11         Orc: D:9-12

Altars:
Ashenzari
Dithmenos
Elyvilon
Fedhas
Gozag
Kikubaaqudgha
Makhleb
Nemelex Xobeh
Okawaru
Qazlal
Ru
Uskayaw
Wu Jian
Zin
The Shining One
Beogh

Shops:
D:10 !

Annotations:
D:5 1 runed translucent door, Crazy Yiuf


Innate Abilities, Weirdness & Mutations

You are very small and have problems with some larger weapons.
You are too small for most types of armour.
You have supernaturally acute eyesight. (SInv)
You cover ground extremely quickly.


Message History

You hit the efreet but do no damage.
The efreet is poisoned.
The efreet completely misses you. The efreet gestures at you.
The fireball explodes!
The fireball engulfs you!! The efreet gestures at you.
The bolt of fire hits you!!
* * * LOW HITPOINT WARNING * * *
Okay, then.
As you read the scroll of identify, it crumbles to dust.
E - 2 potions of curing The efreet looks more healthy.
You are a level 11 Spriggan Enchanter.
You are 8% of the way to level 12.
Play time: 02:05:18 (15571 turns).
Zot will find you in 26698 turns if you stay in this branch and explore no new floors.
You feel better. The efreet gestures at you. The bolt of fire hits you!!
Ouch! That really hurt!
You die...
Kikubaaqudgha rasps: "You have failed me!
Welcome... death!"

.......... .##.#... ...
.##.#.##..#.# #####
.......#..#.# #...#
.##.#..#..#.# #.#.###
###.#..##.#.# ##########..∩..#
..........#.# #......##..# #
##.##.......#####......##.## #.#
..........#.....@......##.##...#
.......##...#####.....R○°○°°...#
.#.#######.## #.#....#..#.##.#
... #.# #.####.#..#.# .. #.#
#......#..... . #.#
########.####. #.# #.# .. #.#
#.. .# ... ### ##


You could see an efreet.

Vanquished Creatures
  Gastronok (D:8)
  A two-headed ogre (D:8)
  A hornet (D:9)
  Prince Ribbit (D:6)
  A wyvern (D:8)
  Menkaure (D:5)
  A water moccasin (D:8)
  A black bear (D:6)
  6 orc warriors
  A phantom (D:7)
  Duvessa (D:6)
  3 sky beasts
  An ice beast (D:9)
  A necrophage (D:9)
  4 centaurs
  3 ogres
  A big kobold (D:8)
  5 bullfrogs
  Dowan (D:6)
  A water moccasin zombie (D:8)
  A scorpion (D:9)
  20 killer bees
  2 wights (D:7)
  4 howler monkeys (D:7)
  2 bullfrog zombies (D:6)
  3 jellies (D:8)
  A quasit (D:8)
  5 hounds
  2 bullfrog skeletons
  6 orc priests
  2 iguanas
  12 orc wizards
  Terence (D:3)
  8 worker ants
  2 hound skeletons
  4 gnolls (D:6)
  7 adders
  2 white imps
  An ooze (D:2)
  An adder zombie (D:7)
  2 worms (D:2)
  A dart slug (D:3)
  9 leopard geckos
  52 orcs
  3 ball pythons
  10 bats
  2 giant cockroaches
  11 goblins
  5 hobgoblins
  14 jackals
  3 quokkas
  A ball python skeleton (D:4)
  4 frilled lizards
  A jackal skeleton (D:6)
  2 kobolds (D:3)
  2 leopard gecko skeletons
  9 rats
253 creatures vanquished.

Vanquished Creatures (collateral kills)
  A centaur zombie (D:7)
  3 wights (D:7)
4 creatures vanquished.

Vanquished Creatures (others)
  A necrophage (D:7)
  An ice beast (D:8)
  A killer bee zombie (D:8)
  3 plants (D:6)
6 creatures vanquished.

Grand Total: 263 creatures vanquished

Notes
Turn   | Place    | Note
-------+----------+-------------------------------------------
     0 | D:1      | Kalagan26 the Spriggan Enchanter began the quest for the
                  | Orb.
     0 | D:1      | Reached XP level 1. HP: 9/9 MP: 5/5
   872 | D:1      | Reached skill level 5 in Stealth
   886 | D:1      | Reached XP level 2. HP: 13/13 MP: 6/6
  2318 | D:2      | Reached XP level 3. HP: 17/17 MP: 8/8
  3760 | D:2      | Reached skill level 1 in Fighting
  4172 | D:2      | Reached XP level 4. HP: 14/22 MP: 9/9
  4209 | D:2      | Learned a level 2 spell: Ensorcelled Hibernation
  4320 | D:3      | Found an iron altar of Okawaru.
  4660 | D:3      | Noticed Terence
  4663 | D:3      | Killed Terence
  4717 | D:3      | Reached XP level 5. HP: 25/25 MP: 10/10
  5667 | D:4      | Reached XP level 6. HP: 30/30 MP: 12/12
  5691 | D:4      | Found a burning altar of Makhleb.
  5963 | D:4      | Found a blossoming altar of Fedhas.
  6038 | D:4      | Found a white marble altar of Elyvilon.
  6052 | D:4      | Found an opulent altar of Gozag.
  6137 | D:4      | You fall into a shaft and drop 3 floors!
  6326 | D:5      | Entered Level 5 of the Dungeon
  7585 | D:5      | Found a runed translucent door.
  7586 | D:5      | Noticed Crazy Yiuf
  7683 | D:5      | Got a slimy robe
  7688 | D:5      | Identified the +1 robe of Apathy {rN+ Will+ rCorr} (You
                  | found it on level 5 of the Dungeon)
  7736 | D:5      | Reached skill level 5 in Hexes
  8212 | D:5      | Noticed Menkaure
  8216 | D:5      | Killed Menkaure
  8217 | D:5      | Reached XP level 7. HP: 34/35 MP: 13/15
  8466 | D:5      | Reached skill level 5 in Dodging
  8535 | D:6      | Reached skill level 5 in Spellcasting
  8963 | D:6      | Noticed Prince Ribbit
  9069 | D:6      | Found a staircase to the Ecumenical Temple.
  9096 | D:6      | Killed Prince Ribbit
  9097 | D:6      | Reached XP level 8. HP: 40/40 MP: 12/17
  9198 | D:6      | Noticed Duvessa
  9199 | D:6      | Noticed Dowan
  9385 | D:7      | Learned a level 3 spell: Tukima's Dance
  9747 | D:7      | Reached skill level 10 in Stealth
 10160 | D:8      | Noticed Gastronok
 10228 | D:8      | Reached XP level 9. HP: 46/46 MP: 20/20
 11077 | Temple   | Entered the Ecumenical Temple
 11099 | Temple   | Became a worshipper of Kikubaaqudgha
 11194 | D:6      | Killed Duvessa
 11195 | D:6      | Reached skill level 5 in Fighting
 11197 | D:6      | Killed Dowan
 12558 | D:8      | Reached XP level 10. HP: 47/51 MP: 16/24
 12727 | D:8      | Noticed a two-headed ogre
 12733 | D:8      | Killed a two-headed ogre
 12850 | D:8      | Reached * piety under Kikubaaqudgha
 12850 | D:8      | Identified Kikubaaqudgha's Almanac of Unholy Rituals
                  | (Kikubaaqudgha gifted it to you on level 8 of the Dungeon)
 12850 | D:8      | Received a gift from Kikubaaqudgha
 13461 | D:8      | Found a roughly hewn altar of Beogh.
 13547 | D:9      | Found a flagged portal.
 13880 | D:8      | Killed Gastronok
 13881 | D:8      | Reached skill level 10 in Spellcasting
 13881 | D:8      | Reached skill level 10 in Hexes
 14003 | D:9      | Learned a level 3 spell: Dazzling Flash
 14287 | D:9      | Reached ** piety under Kikubaaqudgha
 14583 | D:9      | Reached skill level 1 in Conjurations
 14685 | D:9      | Reached XP level 11. HP: 42/56 MP: 23/26
 15173 | D:10     | Entered Level 10 of the Dungeon
 15552 | D:10     | Found Maurauck's Distillery.
 15574 | D:10     | Killed from afar by an efreet

Illustrated notes

Levels and vault maps discovered:
D:1:      dpeg_arrival_stone_temple_mockup, layout_basic
D:2:      layout_basic
D:3:      layout_rooms, okawaru_metal_pillars_1_2, uniq_terence
D:4:      layout_loops_ring, nicolae_overflow_quartered_altars
D:5:      layout_loops_ring, uniq_menkaure, uniq_crazy_yiuf_cottage
D:6:      layout_cave_pools, minmay_temple_entry_gardened_gates,
          serial_column_ruins, column_ruins_hut, column_ruins_hut_ruined,
          column_ruins_open_medium, column_ruins_columns_corner,
          column_ruins_columns_corner, column_ruins_open_medium,
          column_ruins_columns_water, column_ruins_corridor_straight,
          uniq_prince_ribbit1, uniq_duvessa
D:7:      layout_basic, dk_noncrumbling_4, minmay_fractal_squares_5
D:8:      layout_cave_pools, special_room [special_room_orc], st_stairs_4,
          minmay_misc_feat_square, uniq_gastronok
D:9:      layout_stronghold, enter_bailey_5
D:10:     layout_loops_cross, serial_shops, nicolae_shop_crystal
Temple:   regret_index_temple_mists

Skill      XL: |  1  2  3  4  5  6  7  8  9 10 |
---------------+-------------------------------+-----
Stealth        | 5 6 7 8 10 | 10.2
Spellcasting   | 3 4 5 6 9 10 | 10.9
Fighting       | 1 2 3 4 5 6 |  6.3
Hexes          | 4 5 6 7 9 10 | 10.9
Dodging        | 4 5 6 8 9 |  9.8
Conjurations   | 1 |  1.3
Short Blades   | |  1.1
Ice Magic      | |  0.2
Evocations     | |  0.4

Action                   |  1- 3 |  4- 6 |  7- 9 | 10-12 || total
-------------------------+-------+-------+-------+-------++-------
Melee: Dagger            |   234 |   208 |   393 |   197 ||  1032
Throw: Dart              |    21 |     3 |       |     5 ||    29
 Cast: Corona            |    10 |     1 |    10 |       ||    21
       Ensorcelled Hiber |       |    46 |   128 |    65 ||   239
       Tukima's Dance    |       |       |     8 |     1 ||     9
       Dazzling Flash    |       |       |       |     4 ||     4
Invok: Receive Corpses   |       |       |       |     1 ||     1
Evoke: Wand              |       |     3 |     7 |     6 ||    16
  Use: Scroll            |       |     5 |     3 |     2 ||    10
       Potion            |       |       |       |     1 ||     1
 Stab: Sleeping          |    12 |    34 |    80 |    45 ||   171
       Distracted        |     2 |     1 |     2 |     1 ||     6
       Invisible         |       |       |       |     1 ||     1
Armor: Robe              |    13 |    20 |    37 |    10 ||    80
Dodge: Dodged            |   220 |   201 |   438 |   317 ||  1176
